cohdb
Replays
Latest Replays
All Replays
Popular Replays
Top Player Replays
Match Explorer
How It Works
Community
CoH3 Stats
Reddit
Sign in to upload your games and track your stats! →
Sign in with Steam
Match 39599915
Unlisted
Match 39599915
Overview
Messages
Build Orders
End
Construct Weapon Support Center
Engineer Squad
Selects Heavy Weapons
M1919 Machine Gun Team
M1919 Machine Gun Team
Bazooka Squad
Infantry Support Center
Selects M2HB .50cal Heavy Machine Gun
Engineer Squad
Construct Motor Pool
M8 Greyhound Armored Car
Zynbabwae
『BlackBear』
small talk
一只火腿
就是瞎掰
Zhangjiao
0
0
Comments
sign in to comment!
No comments posted yet!